 Dungeon Crawl Stone Soup version 0.26.1-10-gdfb7c7de75 (webtiles) character file.

Game seed: 350584084023250757

207 oldmanjim the Ruffian (level 5, -2/67 HPs)
             Began as a Draconian Transmuter on Apr 8, 2021.
             Slain by a phantom (6 damage)
             ... on level 4 of the Dungeon.
             The game lasted 00:18:34 (3252 turns).

oldmanjim the Ruffian (Draconian Transmuter)        Turns: 3252, Time: 00:18:35

Health: -2/67      AC: 22    Str: 13    XL:     5   Next: 54%
Magic:  8/8        EV:  2    Int: 14    God:
Gold:   158        SH:  0    Dex: 11    Spells: 4/8 levels left

rFire    + . .     SeeInvis .   b - +0 hunting sling
rCold    + . .     Faith    .   (no shield)
rNeg     + + +     Spirit   .   (armour unavailable)
rPois    +         Reflect  .   (helmet currently unavailable)
rElec    +         Harm     .   (cloak currently unavailable)
rCorr    +         Rampage  .   (gloves currently unavailable)
Will     .....     NoTele   +   (boots currently unavailable)
Stlth    +.........             (no amulet)
HPRegen  0.21/turn              (no ring)
MPRegen  0.11/turn              (no ring)

@: mighty, lethally poisoned (-2 -> -4), tree-form, resistant, hasted, very
quick
A: unfitting armour, AC +5
a: no special abilities


You were on level 4 of the Dungeon.
You were a tree.
You visited 1 branch of the dungeon, and saw 4 of its levels.

You collected 158 gold pieces.

Inventory:

Hand Weapons
 b - a +0 hunting sling (weapon)
Missiles
 a - 90 stones (quivered ammo)
 j - 22 sling bullets
Armour
 g - a +0 pair of boots (melded)
Jewellery
 d - an uncursed ring of see invisible {unknown}
Wands
 p - a wand of disintegration (14)
Scrolls
 e - a scroll of teleportation {unknown}
 f - a scroll of fear {unknown}
 i - 4 scrolls of identify {unknown}
 k - a scroll of remove curse {unknown}
 m - a scroll of amnesia {unknown}
 o - a scroll of noise {unknown}


   Skills:
 - Level 3.0 Fighting
 - Level 1.7 Dodging
 - Level 4.0 Unarmed Combat
 - Level 2.0 Spellcasting
 + Level 3.9 Transmutations
 - Level 2.0 Poison Magic


You had 4 spell levels left.
You knew the following spells:

 Your Spells              Type           Power        Failure   Level
a - Beastly Appendage     Tmut           24%          4%          1
b - Spider Form           Tmut/Pois      4%           22%         3

Your spell library contained the following spells:

 Spells                   Type           Power        Failure   Level
 Wereblood                Tmut           12%          8%          2
 Confusing Touch          Hex            1%           56%         3
 Gell's Gravitas          Tloc           0%           56%         3
 Ice Form                 Ice/Tmut       6%           71%         4
 Petrify                  Tmut/Erth      6%           71%         4
 Blade Hands              Tmut           6%           80%         5
 Yara's Violent Unravell  Hex/Tmut       3%           96%         5
 Metabolic Englaciation   Hex/Ice        0%           100%        5


Dungeon Overview and Level Annotations

Branches:
Dungeon (4/15)
 Temple: D:4-7

Altars:
Elyvilon
Hepliaklqana
Ru
Uskayaw
Vehumet
Xom


Innate Abilities, Weirdness & Mutations

((Your plain brown scales are hard. (AC +5)))
You cannot fit into any form of body armour.
((You are cold-blooded and may be slowed by cold attacks.))


Message History

You feel sick.
Fire: 93 stones
Press: ? - help, Q - select action, (/) - cycle Shift-Dir - straight line, f/p - phantom
Aim: a phantom (43% to hit)
You shoot a stone. The stone hits the phantom.
The phantom is lightly damaged.
You feel sick.
Fire: 92 stones
Press: ? - help, Q - select action, (/) - cycle Shift-Dir - straight line, f/p - phantom
Aim: a phantom (lightly damaged, 43% to hit)
You shoot a stone. The stone misses the phantom.
The phantom blinks!
Fire: 91 stones
Press: ? - help, Q - select action, (/) - cycle Shift-Dir - straight line, f/p - phantom
Aim: a phantom (lightly damaged, 43% to hit)
You shoot a stone.
The stone hits the phantom but does no damage.
The phantom is lightly damaged.
You feel sick. The phantom hits you.
You die...

.......## #...# #.(....
..# #...########...#
#####....[.B# #(..# ..
.(.##..###.####(..#
....###[##..###.........
r...$...................
....###.##..#.#....)....
(§.(###†##..#.#.####...#
#(.(.W♣##..... #...#
######.##.##.## #...#
#.##.# .# #...# #..... #
##.## ### .# #.## #...
######. #...... #......


You could see a phantom.

Vanquished Creatures
  An orc wizard (D:4)
  A bullfrog skeleton (D:4)
  A worker ant (D:4)
  A hound skeleton (D:4)
  3 gnolls (D:3)
  An ooze (D:3)
  A worm (D:3)
  2 dart slugs
  3 leopard geckos (D:3)
  3 orcs
  3 bats
  6 giant cockroaches
  10 goblins
  8 hobgoblins
  6 jackals
  A quokka (D:4)
  4 frilled lizards
  3 kobolds
  11 rats
69 creatures vanquished.

Notes
Turn   | Place    | Note
-------+----------+-------------------------------------------
     0 | D:1      | oldmanjim the Draconian Transmuter began the quest for the
                  | Orb.
     0 | D:1      | Reached XP level 1. HP: 16/16 MP: 3/3
   208 | D:1      | Reached XP level 2. HP: 23/23 MP: 3/5
   319 | D:1      | Found a shimmering altar of Xom.
  1107 | D:2      | Reached XP level 3. HP: 25/29 MP: 6/6
  1111 | D:2      | Learned a level 3 spell: Spider Form
  1501 | D:2      | Found a sacrificial altar of Ru.
  2207 | D:3      | Found a hide-covered altar of Uskayaw.
  2207 | D:3      | Found a white marble altar of Elyvilon.
  2216 | D:3      | Found a shimmering altar of Xom.
  2218 | D:3      | Found a hazy altar of Hepliaklqana.
  2220 | D:3      | Found a radiant altar of Vehumet.
  2668 | D:3      | Reached XP level 4. HP: 37/37 MP: 5/7
  2679 | D:3      | Reached skill level 1 in Poison Magic
  3045 | D:4      | Reached XP level 5. HP: 39/45 MP: 6/8
  3153 | D:4      | Reached skill level 4 in Unarmed Combat
  3183 | D:4      | Noticed a phantom
  3193 | D:4      | Noticed a phantom
  3252 | D:4      | Slain by a phantom

Illustrated notes

Levels and vault maps discovered:
D:1:      lightli_arrival_boilingwater, layout_basic, xom_teletrap_fun
D:2:      layout_basic, hangedman_ru_absence, minmay_misc_feat_encased
D:3:      layout_loops_ring, chequers_temple_overflow_minitemple,
          kennysheep_generic_room_15
D:4:      layout_loops_cross, portal_sewer_entry_e

Skill      XL: |  1  2  3  4  5 |
---------------+----------------+-----
Fighting       | 2 3 |  3.0
Poison Magic   | 1 2 |  2.0
Transmutations | 3 |  3.9
Unarmed Combat | 4 |  4.0
Dodging        | |  1.7
Spellcasting   | |  2.0

Action                   |  1- 3 |  4- 6 || total
-------------------------+-------+-------++-------
Melee: Unarmed           |    51 |    63 ||   114
       Kick              |     7 |    19 ||    26
       Tailslap          |     8 |    11 ||    19
       Headbutt          |     4 |    10 ||    14
 Fire: Hunting sling     |   119 |    40 ||   159
Throw: Stone             |     7 |       ||     7
 Cast: Beastly Appendage |    11 |     5 ||    16
  Use: Potion            |       |     4 ||     4
Armor: Skin              |    29 |    29 ||    58
Dodge: Dodged            |    59 |    45 ||   104
